 Dungeon Crawl Stone Soup version 0.27.1-34-g3ba077fa99 (webtiles) character file.

Game seed: 4975406619318161701

391 growler the Gusty (level 6, -14/32 HPs)
             Began as a Tengu Air Elementalist on Jan 25, 2022.
             Demolished by a two-headed ogre (15 damage)
             ... on level 4 of the Dungeon.
             The game lasted 00:11:59 (4838 turns).

growler the Gusty (Tengu Air Elementalist)          Turns: 4838, Time: 00:12:00

Health: -14/32     AC:  3    Str:  8    XL:     6   Next: 80%
Magic:  9/13       EV: 14    Int: 18    God:
Gold:   153        SH:  0    Dex: 14    Spells: 3/13 levels left

rFire    . . .     SeeInvis .   n - +1 short sword (vamp) {!w}
rCold    . . .     Faith    .   (no shield)
rNeg     . . .     Spirit   .   a - +0 robe
rPois    .         Reflect  .   (helmet restricted)
rElec    .         Harm     .   (no cloak)
rCorr    .         Rampage  .   c - +0 pair of gloves
Will     .....                  (boots unavailable)
Stlth    ++........             (no amulet)
HPRegen  0.10/turn              (no ring)
MPRegen  0.13/turn              (no ring)

@: flying quickly and evasively, quick
A: beak, talons 3, nimble flight
a: no special abilities


You were on level 4 of the Dungeon.
You visited 1 branch of the dungeon, and saw 4 of its levels.

You collected 153 gold pieces.

Inventory:

Hand Weapons
 n - a +1 vampiric short sword (weapon) {!w}
   (You took it off a kobold on level 3 of the Dungeon)
Armour
 a - a +0 robe (worn)
 c - a +0 pair of gloves (worn)
   (You found it on level 1 of the Dungeon)
Magical Staves
 e - a staff of conjuration {!a}
   (You found it on level 2 of the Dungeon)
Jewellery
 b - a ring of positive energy
   (You found it on level 1 of the Dungeon)
 r - a ring of willpower
   (You found it on level 4 of the Dungeon)
Scrolls
 f - 4 scrolls of enchant weapon
 h - 3 scrolls of noise {unknown}
 i - a scroll of teleportation {@r4}
 j - 2 scrolls of immolation {!r}
 l - 2 scrolls of blinking {unknown}
 p - a scroll of identify {@r1}
 q - a scroll of torment {unknown}
Potions
 d - 5 potions of curing {unknown}
 g - 3 potions of ambrosia {unknown}
 k - 3 potions of heal wounds {@q2}
 m - a potion of cancellation {unknown}
 o - a potion of mutation {!q}


   Skills:
 - Level 2.1 Dodging
 - Level 2.0 Stealth
 + Level 4.0 Spellcasting
 + Level 5.1 Conjurations
 + Level 6.4 Air Magic


You had 3 spell levels left.
You knew the following spells:

 Your Spells              Type           Power      Damage    Failure   Level
a - Shock                 Conj/Air       96%        1d9       1%          1
b - Airstrike             Air            13%        N/A       11%         4
d - Static Discharge      Conj/Air       24%        N/A       1%          2
s - Swiftness             Air            26%        N/A       3%          3

Your spell library contained the following spells:

 Spells                   Type           Power      Damage    Failure   Level
 Animate Skeleton         Necr           6%         N/A       14%         1
 Pain                     Necr           12%        1d4       14%         1
 Call Canine Familiar     Summ           3%         N/A       41%         3
 Ozocubu's Armour         Ice            3%         N/A       41%         3
 Portal Projectile        Hex/Tloc       6%         N/A       41%         3
 Vampiric Draining        Necr           1%         2d6       41%         3
 Leda's Liquefaction      Hex/Erth       1%         N/A       82%         4
 Metabolic Englaciation   Hex/Ice        1%         N/A       99%         5
 Simulacrum               Ice/Necr       1%         N/A       100%        6


Dungeon Overview and Level Annotations

Branches:
Dungeon (4/15)
 Temple: D:4-7

Altars:
Fedhas

Annotations:
D:2 1 runed translucent door, Crazy Yiuf


Innate Abilities, Weirdness & Mutations

You have a beak for a mouth.
You have claws for feet.
Your magical nature lets you fly swiftly and evasively.


Message History

The hobgoblin closely misses you. The goblin barely misses you.
The hobgoblin barely misses you. The hobgoblin closely misses you.
You closely miss the hobgoblin. The hobgoblin hits you. The goblin misses you.
The hobgoblin closely misses you. x2
You hit the hobgoblin.
You feel better.
You kill the hobgoblin!
The hobgoblin hits you but does no damage.
The hobgoblin hits you. The goblin barely misses you.
You barely miss the goblin. Your kick misses the goblin.
You peck the goblin, but do no damage. The hobgoblin closely misses you.
The hobgoblin misses you. The goblin hits you with a +0 club.
You closely miss the goblin. The hobgoblin closely misses you. x2
The goblin misses you.
You closely miss the goblin. Your kick misses the goblin. You peck the goblin.
The hobgoblin closely misses you. x2; The goblin barely misses you.
You hit the goblin.
You kill the goblin!
The hobgoblin misses you. The hobgoblin hits you.
You closely miss the hobgoblin. You claw the hobgoblin.
The hobgoblin closely misses you. The hobgoblin barely misses you.
You hit the hobgoblin.
You feel better.
You kill the hobgoblin!
The hobgoblin hits you but does no damage.
You hit the hobgoblin. You claw the hobgoblin.
The hobgoblin completely misses you. The hobgoblin hits you.
You hit the hobgoblin.
You feel better.
You kill the hobgoblin!
No target in view!
Things that are here:
a +0 club; a goblin corpse You see here a hobgoblin corpse.
j - 2 scrolls of immolation {!r} (gained 1)
r - a ring of willpower
Things that are here:
a +0 club; a goblin corpse
There is an open door here.
You see here a hobgoblin corpse.
There is an open door here.
Found a pair of runed boots.
The two-headed ogre shouts in stereo!
There is a shaft here.
The zap hits the two-headed ogre! x2
The zap hits the two-headed ogre.
The zap hits the two-headed ogre!
The two-headed ogre is struck by an arc of lightning.
The lightning grounds out.
The two-headed ogre hits you with a +0 giant spiked club!!
Ouch! That really hurt!
* * * LOW HITPOINT WARNING * * *
The two-headed ogre hits you with a +0 vorpal dire flail!
You die...

### .. #################
#.
########................
##.##
#......@O..#############
###...####.######...#
....#.....#...# ##..#
.##...##.#.##.#
#..#############
..##.###.#.##.#
#....).......... ).##.#
#.#.##.# ##.#############
..##.#
#.#.##.#####.#############
.....#
#.#.##........##..........
..####
#.#.########.###.#########


You could see a two-headed ogre.

Vanquished Creatures
  Edmund (D:4)
  A necrophage (D:4)
  2 iguanas
  Robin (D:4)
  6 adders
  3 dart slugs (D:2)
  4 endoplasms
  A giant cockroach (D:2)
  16 goblins
  11 hobgoblins
  3 quokkas
  5 ball pythons
  A bat (D:1)
  2 kobolds
  9 rats
66 creatures vanquished.

Notes
Turn   | Place    | Note
-------+----------+-------------------------------------------
     0 | D:1      | growler the Tengu Air Elementalist began the quest for the
                  | Orb.
     0 | D:1      | Reached XP level 1. HP: 10/10 MP: 4/4
   392 | D:1      | Reached XP level 2. HP: 15/15 MP: 4/6
   395 | D:1      | Learned a level 2 spell: Static Discharge
  1238 | D:2      | Reached XP level 3. HP: 18/19 MP: 1/7
  1961 | D:2      | Reached XP level 4. HP: 21/24 MP: 4/9
  2017 | D:2      | Found a runed translucent door.
  2018 | D:2      | Noticed Crazy Yiuf
  2345 | D:3      | Reached skill level 5 in Air Magic
  2483 | D:3      | Found a blossoming altar of Fedhas.
  2883 | D:3      | Gained mutation: Your magical nature lets you fly swiftly
                  | and evasively. [Tengu growth]
  2883 | D:3      | Reached XP level 5. HP: 4/28 MP: 3/10
  3542 | D:4      | Noticed Robin
  3569 | D:4      | Killed Robin
  3926 | D:4      | Noticed a necrophage
  3933 | D:4      | Killed a necrophage
  3934 | D:4      | Reached XP level 6. HP: 28/32 MP: 2/12
  4034 | D:4      | Reached skill level 6 in Air Magic
  4149 | D:4      | Noticed a two-headed ogre
  4158 | D:4      | Learned a level 3 spell: Swiftness
  4163 | D:4      | Learned a level 4 spell: Airstrike
  4194 | D:4      | Noticed Edmund
  4213 | D:4      | Killed Edmund
  4214 | D:4      | Reached skill level 5 in Conjurations
  4838 | D:4      | HP: 1/32 [two-headed ogre (31)]
  4838 | D:4      | Demolished by a two-headed ogre

Illustrated notes

Levels and vault maps discovered:
D:1:      dpeg_arrival_simpleton_b, layout_loops_ring
D:2:      layout_rooms, uniq_crazy_yiuf_cottage
D:3:      layout_loops_cross, fedhas_altar_3, fountainhead
D:4:      layout_loops_ring, hangedman_abyss_or_decor_stabs,
          minmay_goblin_kobold_house, uniq_edmund, uniq_robin

Skill      XL: |  1  2  3  4  5  6 |
---------------+-------------------+-----
Conjurations   | 2 3 4 5 |  5.1
Air Magic      | 5 6 |  6.4
Spellcasting   | 3 4 |  4.0
Dodging        | |  2.1
Stealth        | |  2.0

Action                   |  1- 3 |  4- 6 || total
-------------------------+-------+-------++-------
Melee: Unarmed           |    11 |       ||    11
       Kick              |     8 |     9 ||    17
       Staff             |    12 |     2 ||    14
       Peck              |     3 |     5 ||     8
       Short sword       |       |    43 ||    43
 Cast: Shock             |    34 |     9 ||    43
       Static Discharge  |    14 |    31 ||    45
  Use: Scroll            |     1 |     5 ||     6
Armor: Robe              |     6 |    10 ||    16
Dodge: Dodged            |    24 |    60 ||    84
